 Dungeon Crawl Stone Soup version 0.30-a0-743-gbfdf073431 (webtiles) character file.

Game seed: 2460357402088662952

8764 BubbleThief the Tainter (level 11, -8/106 HPs)
             Began as a Naga Venom Mage on Feb 5, 2023.
             Was an Initiate of Vehumet.
             Mangled by an elephant (10 damage)
             ... on level 1 of the Lair of Beasts.
             The game lasted 00:28:44 (10532 turns).

BubbleThief the Tainter (Naga Venom Mage)          Turns: 10532, Time: 00:28:45

Health: -8/106     AC: 10    Str: 11    XL:     11   Next: 36%
Magic:  1/24       EV:  9    Int: 19    God:    Vehumet [......]
Gold:   211        SH:  5    Dex: 12    Spells: 18/28 levels left

rFire   + . .      SeeInvis +    d - staff of poison
rCold   . . .      Faith    .    B - +0 buckler
rNeg    . . .      Spirit   .    x - +2 leather armour {rF+}
rPois   +          Reflect  .    y - +0 helmet
rElec   +          Harm     .    D - +0 cloak
rCorr   .          Rampage  .    q - +0 pair of gloves
Will    +....                    (no barding)
Stlth   ++                       Q - amulet of the Air {Inacc Air Fly rElec RMsl}
HPRegen 0.37/turn                (no ring)
MPRegen 0.19/turn                (no ring)

@: marked, flying, repel missiles, very slow
A: AC +3, large, see invisible, deformed body, poison resistance, slowness 2,
spit poison 1, naga tail 1
a: Spit Poison, Renounce Religion


You were on level 1 of the Lair of Beasts.
You worshipped Vehumet.
Vehumet was noncommittal.
You visited 3 branches of the dungeon, and saw 10 of its levels.

You collected 624 gold pieces.
You spent 413 gold pieces at shops.

Inventory:

Hand Weapons
 u - a +2 mace of protection
 v - the +4 short sword "Derphas" {drain, rElec rN+ Str+2}
   (You found it on level 3 of the Dungeon)

   Str:       It affects your strength (+2).
   rElec:     It insulates you from electricity.
   rN:        It protects you from negative energy.
Missiles
 O - a throwing net
Armour
 q - a +0 pair of gloves (worn)
 x - a +2 leather armour of fire resistance (worn)
 y - a +0 helmet (worn)
 B - a +0 buckler (worn)
 D - a +0 cloak (worn)
 K - +0 steam dragon scales
Magical Staves
 d - a staff of poison (weapon)
 F - a staff of air
Jewellery
 Q - the amulet of the Air (around neck) {Inacc Air Fly rElec RMsl}
   (You bought it in a shop on level 3 of the Dungeon)

   [amulet of nothing]

   Inacc:     It reduces the accuracy of your attacks and spells.
   Air:       It enhances your air magic.
   rElec:     It insulates you from electricity.
   Fly:       It grants you flight.
   RMsl:      It protects you from missiles.
Wands
 C - a wand of digging (1)
 I - a wand of charming (13)
 L - a wand of flame (29)
 M - a wand of roots (7)
Scrolls
 e - 3 scrolls of amnesia {unknown}
 f - 3 scrolls of noise {unknown}
 h - 2 scrolls of fear {unknown}
 l - 2 scrolls of immolation {unknown}
 m - 3 scrolls of enchant armour {unknown}
 o - 4 scrolls of identify {unknown}
 s - a scroll of magic mapping {unknown}
 E - a scroll of poison {unknown}
 G - 2 scrolls of butterflies {unknown}
 H - 2 scrolls of fog {unknown}
 J - a scroll of vulnerability {unknown}
 N - 2 scrolls of blinking
 P - a scroll of teleportation {unknown}
Potions
 a - 4 potions of haste {unknown}
 b - 2 potions of magic
 c - 3 potions of cancellation {unknown}
 g - 3 potions of resistance {unknown}
 i - 4 potions of attraction {unknown}
 j - 2 potions of flight {unknown}
 k - 7 potions of lignification {unknown}
 n - 2 potions of invisibility {unknown}
 p - 3 potions of brilliance {unknown}
 r - a potion of heal wounds {unknown}
 t - 5 potions of mutation {unknown}
 w - 2 potions of berserk rage {unknown}
 z - 2 potions of might {unknown}
 A - a potion of curing


   Skills:
 - Level 9.0 Fighting
 - Level 1.5 Dodging
 - Level 3.0 Stealth
 + Level 4.6 Shields
 - Level 9.0 Spellcasting
 + Level 5.4 Conjurations
 - Level 1.0 Transmutations
 * Level 5.7 Air Magic
 - Level 9.1 Poison Magic


You had 18 spell levels left.
You knew the following spells:

 Your Spells              Type           Power      Damage    Failure   Level
a - Sting                 Tmut/Pois      100%       1d8       1%          1
b - Mephitic Cloud        Conj/Pois/Air  67%        N/A       2%          3
c - Olgreb's Toxic Radia  Pois           60%        N/A       3%          4
d - Static Discharge      Conj/Air       88%        2-6/arc   1%          2

Your spell library contained the following spells:

 Spells                   Type           Power      Damage    Failure   Level
 Poisonous Vapours        Pois/Air       100%       N/A       1%          2
 Vhi's Electric Charge    Tloc/Air       58%        N/A       12%         3
 Arcjolt                  Conj/Air       22%        1d32      36%         5
 Iskenderun's Battlesphe  Conj           29%        2d8       36%         5
 Lightning Bolt           Conj/Air       22%        1d37      36%         5
 Fireball                 Conj/Fire      9%         3d6       77%         5
 Conjure Ball Lightning   Conj/Air       22%        3x3d6     90%         6
 Yara's Violent Unravell  Hex/Tmut       5%         3d4       96%         5
 Enfeeble                 Hex            4%         N/A       100%        7
 Orb of Destruction       Conj           14%        9d7       100%        7


Dungeon Overview and Level Annotations

Branches:
Dungeon (8/15)             Temple (1/1) D:4            Lair (1/5) D:8

Altars:
Ashenzari
Cheibriados
Dithmenos
Elyvilon
Fedhas
Gozag
Hepliaklqana
Kikubaaqudgha
Makhleb
Nemelex Xobeh
Okawaru
Qazlal
Ru
Sif Muna
Trog
Uskayaw
Vehumet
Wu Jian
Yredelemnul
Zin
The Shining One

Shops:
D:3 =   D:4 :   D:8 **

Annotations:
D:5 1 exclusion


Innate Abilities, Weirdness & Mutations

Your serpentine skin is tough. (AC +3)
You have supernaturally acute eyesight. (SInv)
Armour fits poorly on your strangely shaped body.
Your system is resistant to poisons. (rPois)
You cover ground very slowly.
You can spit poison.
You have a snake-like lower body.


Message History

Press: ? - help, Shift-Dir - straight line A rock wall.
The rock shatters into small pieces.
Aiming: Spit Poison (1% risk of failure)
Press: ? - help, Shift-Dir - straight line, f - elephant
Aim: an elephant (severely wounded, very poisoned, 100% to hit)
The splash of poison hits the elephant.
The elephant is severely wounded.
The elephant sets off the alarm!
The alarm trap emits a blaring wail!
A sentinel's mark forms upon you. The elephant tramples you.
* * * LOW HITPOINT WARNING * * *
You are shoved backwards!
You hear a bellow! x2; You hear an angry hiss.
Aiming: Sting (safe; 1% risk of failure)
Press: ? - help, Q - select action, (/) - cycle Shift-Dir - straight line, f/p - elephant
Aim: an elephant (almost dead, very poisoned, 100% to hit)
You feel a surge of power!
The sting hits the elephant but does no damage.
The elephant looks even sicker.
The elephant is almost dead.
The elephant tramples you.
* * * LOW HITPOINT WARNING * * *
You are shoved backwards!
Aiming: Sting (safe; 1% risk of failure)
Press: ? - help, Q - select action, (/) - cycle Shift-Dir - straight line, f/p - elephant
Aim: an elephant (almost dead, very poisoned, 100% to hit)
You feel a surge of power!
The sting hits the elephant.
The elephant looks as sick as possible!
The elephant is almost dead.
The elephant closely misses you.
The elephant trunk-slaps you but does no damage.
The elephant attacks as you move away! The elephant tramples you!
* * * LOW HITPOINT WARNING * * *
The elephant trunk-slaps you.
* * * LOW HITPOINT WARNING * * *
You have got your breath back.
The elephant tramples you!
You die...

........#.†..##...#
.......##††.##....#
.......#....####...
.######.##### ##..
##Y## #.. ##.## ###
##.## ##Y## #@##
#.## ##


You could see 2 elephants.

Vanquished Creatures
  2 two-headed ogres (D:7)
  4 elephants (Lair:1)
  A troll (D:7)
  9 blink frogs (Lair:1)
  Eustachio (D:5)
  A yak (D:8)
  2 steam dragons (D:7)
  Menkaure (D:5)
  An acid dragon (D:8)
  2 ice beasts
  4 black bears
  An orc warrior (D:8)
  7 centaurs
  A phantom (D:4)
  Blork the orc (D:5)
  10 bullfrogs
  A necrophage (D:6)
  2 gnoll sergeants
  3 scorpions
  3 killer bees (D:8)
  2 jellies
  A gnoll bouda (D:6)
  3 hounds
  6 orc priests
  4 iguanas
  12 orc wizards
  20 gnolls
  10 adders
  2 shadow imps (D:6)
  2 white imps
  An ufetubus (D:5)
  A worm (D:4)
  5 dart slugs
  25 orcs
  7 endoplasms
  5 giant cockroaches
  6 goblins
  6 hobgoblins
  2 jackals (D:3)
  9 kobolds
  4 quokkas
  10 ball pythons
  7 bats
  6 frilled lizards
  8 rats
221 creatures vanquished.

Vanquished Creatures (others)
  A wizard (D:6)
  7 fungi
  10 plants
18 creatures vanquished.

Grand Total: 239 creatures vanquished

Notes
Turn   | Place    | Note
-------+----------+-------------------------------------------
     0 | D:1      | BubbleThief the Naga Venom Mage began the quest for the
                  | Orb.
     0 | D:1      | Reached XP level 1. HP: 15/15 MP: 3/3
    93 | D:1      | Reached XP level 2. HP: 22/22 MP: 5/5
   272 | D:1      | Reached skill level 5 in Poison Magic
   456 | D:1      | Found a faded altar of an unknown god.
   569 | D:1      | Reached XP level 3. HP: 28/28 MP: 6/6
  1113 | D:2      | Learned a level 3 spell: Mephitic Cloud
  1351 | D:2      | Reached XP level 4. HP: 36/36 MP: 7/7
  2058 | D:2      | Reached XP level 5. HP: 42/42 MP: 9/9
  2109 | D:2      | Learned a level 4 spell: Olgreb's Toxic Radiance
  2420 | D:3      | Found Copteov Xozo's Jewellery Shoppe.
  2478 | D:3      | Found a faded altar of an unknown god.
  2539 | D:3      | Identified the +4 short sword "Derphas" {drain, rElec rN+
                  | Str+2}
  2696 | D:3      | Found an ornate altar of the Wu Jian Council.
  2992 | D:3      | Found an iron altar of Okawaru.
  3185 | D:4      | Reached skill level 1 in Fighting
  3185 | D:4      | Reached XP level 6. HP: 30/51 MP: 1/11
  3475 | D:4      | Found a staircase to the Ecumenical Temple.
  3475 | D:4      | Identified the +1 rapier of Qokin {heavy, Will+}
  3522 | Temple   | Entered the Ecumenical Temple
  3613 | D:4      | Reached XP level 7. HP: 61/61 MP: 7/13
  3780 | D:4      | Found Cath's Tremendous Tomes.
  3853 | D:4      | Found a stormy altar of Qazlal.
  3902 | D:5      | Entered Level 5 of the Dungeon
  4012 | D:5      | Noticed Eustachio
  4023 | D:5      | Killed Eustachio
  4465 | D:5      | Reached XP level 8. HP: 45/72 MP: 10/15
  4622 | D:5      | Reached skill level 5 in Spellcasting
  4666 | D:5      | Noticed Blork the orc
  4670 | D:5      | Killed Blork the orc
  4768 | D:5      | Noticed Menkaure
  5049 | D:6      | Found a sacrificial altar of Ru.
  5053 | D:6      | Reached skill level 5 in Fighting
  5499 | D:6      | Found a hide-covered altar of Uskayaw.
  5615 | D:6      | Found a bloodstained altar of Trog.
  5618 | D:6      | Noticed a wizard
  5621 | D:6      | Killed a wizard
  5807 | D:6      | Reached XP level 9. HP: 81/82 MP: 13/18
  6036 | D:7      | Found the necklace of Bloodlust {Fury *Rage Will++ Int-3
                  | Slay+6}
  6450 | D:7      | Found a hazy altar of Hepliaklqana.
  6665 | D:7      | Found a white marble altar of Elyvilon.
  6665 | D:7      | Found a snail-covered altar of Cheibriados.
  6906 | D:7      | Noticed a two-headed ogre
  6922 | D:7      | Killed a two-headed ogre
  7100 | D:7      | Noticed a troll
  7112 | D:7      | Killed a troll
  7362 | D:7      | Reached skill level 1 in Conjurations
  7362 | D:7      | Reached XP level 10. HP: 93/97 MP: 10/22
  7514 | D:7      | Noticed a two-headed ogre
  7529 | D:7      | Killed a two-headed ogre
  7530 | D:7      | Reached skill level 1 in Shields
  8102 | D:5      | Killed Menkaure
  8866 | D:8      | Found Cotzo's Specific Store.
  8870 | D:8      | Found Poanuria's General Store.
  9018 | D:8      | Reached skill level 1 in Air Magic
  9642 | D:8      | Found a radiant altar of Vehumet.
  9680 | D:8      | Became a worshipper of Vehumet
  9804 | D:8      | Found a staircase to the Lair.
  9951 | D:8      | Found a basalt altar of Yredelemnul.
  9960 | D:8      | Learned a level 2 spell: Static Discharge
  9960 | D:8      | Upgraded the game from 0.30-a0-739-gea05faddec to
                  | 0.30-a0-743-gbfdf073431
 10069 | D:3      | Bought the amulet of the Air {Inacc Air Fly rElec RMsl} for
                  | 413 gold pieces
 10069 | D:3      | Found the amulet of the Air {Inacc Air Fly rElec RMsl}
 10223 | Lair:1   | Entered Level 1 of the Lair of Beasts
 10241 | Lair:1   | Reached XP level 11. HP: 73/106 MP: 11/24
 10489 | Lair:1   | Reached skill level 5 in Conjurations
 10516 | Lair:1   | Reached skill level 5 in Air Magic
 10531 | Lair:1   | HP: 2/106 [elephant (14)]
 10532 | Lair:1   | Mangled by an elephant

Illustrated notes

Levels and vault maps discovered:
D:1:      amcnicky_arrival_double_pillar, layout_loops_ring,
          nicolae_ecumenical_snake_handling
D:2:      wad_river_or_something, layout_basic, minmay_split_cup_small
D:3:      layout_loops_corners, nicolae_overflow_ecumenical_swirl,
          pdpol_wu_jian_five_deadly_venoms, serial_shops, shop
D:4:      layout_basic, lemuel_tele_altar, minmay_temple_entry_sparse_star,
          nicolae_shop_i_like_big_books
D:5:      layout_gridville, gup_sewer_entry_spiral, uniq_blork_the_orc,
          uniq_menkaure, uniq_eustachio
D:6:      layout_basic, eat_drink_and_be_merry_uskayaw, trog_wizard,
          mainiacjoe_overflow_brackets
D:7:      layout_cave_pools, gammafunk_temple_overflow_pools,
          nicolae_hepliaklqana_hazy_memory, wad_mini_maze
D:8:      layout_gridville, mainiacjoe_overflow_paths, kennysheep_little_box,
          grunt_lair_entry_orc_guard_hut, nicolae_specific_store
Temple:   chequers_temple_sunken
Lair:1:   layout_misc_corridors

Skill      XL: |  1  2  3  4  5  6  7  8  9 10 11 |
---------------+----------------------------------+-----
Poison Magic   | 5 6 7 8 9 |  9.1
Spellcasting   | 3 4 6 8 9 |  9.0
Fighting       | 1 2 3 6 8 9 |  9.0
Conjurations   | 1 4 5 |  5.4
Shields        | 3 4 |  4.6
Air Magic      | 4 5 |  5.7
Dodging        | |  1.5
Stealth        | |  3.0
Transmutations | |  1.0

Action                     |  1- 3 |  4- 6 |  7- 9 | 10-12 || total
---------------------------+-------+-------+-------+-------++-------
  Melee: Dagger            |     4 |    11 |       |       ||    15
         Staff             |       |     9 |    58 |    56 ||   123
         Mace              |       |     4 |       |       ||     4
         Punch             |       |       |     3 |       ||     3
   Cast: Sting             |    35 |    48 |    74 |   105 ||   262
         Olgreb's Toxic Ra |       |     5 |    33 |    22 ||    60
         Mephitic Cloud    |       |       |     6 |     8 ||    14
Ability: Spit Poison       |    33 |    38 |    38 |    21 ||   130
  Evoke: Wand              |       |       |       |     8 ||     8
    Use: Scroll            |       |       |     1 |       ||     1
   Stab: Confused          |       |       |     2 |     2 ||     4
         Sleeping          |       |       |     1 |     1 ||     2
 Armour: Robe              |     8 |    22 |       |       ||    30
         Leather armour    |       |     2 |    71 |    76 ||   149
  Dodge: Dodged            |    15 |    26 |    81 |    62 ||   184
  Block: Buckler           |       |       |       |    20 ||    20

Table legend: (Time is in decaauts)
 A = Elapsed time spent in this place.
 B = Non-inter-level travel time spent in this place.
 C = Inter-level travel time spent in this place.
 D = Time resting spent in this place.
 E = Time spent auto-exploring this place.
 F = Levels seen in this place.
 G = Mean time per level.
                   A        B        C        D        E       F      G
               +--------+--------+--------+--------+--------+-----+--------+
         Total |  12962 |  11897 |   1065 |    373 |   9625 |  10 | 1296.2 |
       Dungeon |  12503 |  11475 |   1028 |    373 |   9347 |   8 | 1562.9 |
        Temple |    104 |     68 |     36 |      0 |     18 |   1 |  104.0 |
          Lair |    353 |    353 |      0 |      0 |    259 |   1 |  353.0 |
               +--------+--------+--------+--------+--------+-----+--------+

Top non-repeatable levels by time:
     D:6: 2054 daAuts
     D:7: 1730 daAuts
     D:5: 1642 daAuts
     D:4: 1538 daAuts
     D:2: 1495 daAuts
     D:3: 1434 daAuts
     D:8: 1323 daAuts
     D:1: 1285 daAuts
  Lair:1: 353 daAuts
  Temple: 104 daAuts
